AoeStats
← 海峡

Nomad

509015627Analyzed
4v4 RM · 8d ago on Sep 25, 2026· 30m 13s· 8 players
Game mode
Random Map
Map size
231×231
Population
200
Speed
Normal
Resources
Standard
Victory
Conquest
Starting age
Dark Age
Ending age
Imperial Age
RankedLock teamsTeams togetherTeam positionsShared explorationLock speedFull tech treeHidden civsTurbo modeCheats
Victory
Defeat
🇦🇷 Wu · Argentina
1495
+11
🇦🇷 Dravidians · Argentina
1459
+12
🇨🇱 Portuguese · Chile
1392
+15
🇦🇷 Saxons · Argentina
1263
+21
🇨🇳 Varangians · China
1467
-19
🇵🇪 Wu · Peru
1440
-17
🇵🇪 Italians · Peru
1356
-14
🇨🇳 Danes · China
1218
-9
PNAL | TommyA
5:03 Loom
12:23 Feudal Age
16:30 Castle Age
15:58 Fletching
15:49 Fishing Lines
16:32 Double-Bit Axe
18:02 Bodkin Arrow
20:41 Bow Saw
23:04 Ballistics
26:38 Wheelbarrow
28:39 Careening
29:13 Fishing Lines
PNAL | ale_petro
9:50 Loom
13:09 Feudal Age
17:31 Castle Age
16:54 Scale Mail Armor
17:05 Forging
16:56 Fishing Lines
18:59 Chain Mail Armor
26:48 Iron Casting
PNAL | Trafalgar
4:24 Loom
14:29 Feudal Age
15:17 Fishing Lines
15:23 Double-Bit Axe
16:17 Town Watch
19:17 Castle Age
17:49 Gold Mining
19:14 Fletching
19:57 Bodkin Arrow
21:17 Bow Saw
21:50 Husbandry
22:14 Ballistics
22:53 Thumb Ring
27:56 Horse Collar
29:14 Squires
29:22 Scale Mail Armor
PNAL | Pijelo
10:11 Loom
12:44 Feudal Age
13:35 Double-Bit Axe
16:35 Fletching
16:57 Forging
20:04 Castle Age
17:48 Fishing Lines
20:57 Medium Warships
21:06 Bow Saw
22:00 Iron Casting
22:02 Fletching
22:06 Gold Mining
23:27 Horse Collar
27:35 Bodkin Arrow
28:37 Padded Archer Armor
29:37 Leather Archer Armor
30:09 Husbandry
VZ | El Perrosor
12:08 Feudal Age
16:03 Fletching
19:12 Castle Age
17:42 Gold Mining
19:26 Double-Bit Axe
21:46 Medium Warships
22:24 Wheelbarrow
21:35 Loom
21:35 Town Watch
23:14 Horse Collar
CURITA1000
3:03 Loom
12:11 Feudal Age
15:19 Wheelbarrow
14:48 Double-Bit Axe
19:47 Castle Age
17:25 Man-at-Arms
17:54 Arson
18:10 Scale Mail Armor
19:12 Forging
21:22 Squires
25:43 Chain Mail Armor
28:26 Iron Casting
29:18 Man-at-Arms
海峡
5:05 Loom
15:57 Feudal Age
16:44 Double-Bit Axe
21:14 Castle Age
19:04 Fishing Lines
22:24 Wheelbarrow
22:07 Medium Warships
21:47 Gillnets
22:14 Bow Saw
23:46 Siphons
冰石戟
5:39 Loom
13:09 Feudal Age
17:36 Castle Age
16:01 Double-Bit Axe
18:01 Fletching
19:05 Bodkin Arrow
19:03 Fishing Lines
20:25 Bow Saw
21:12 Gillnets
23:23 Wheelbarrow
25:28 Ballistics
Connection lost

Rejoining the realm…

Still unreachable

The connection could not be restored.

Session expired

The server has moved on; the page needs a fresh start.